 Dungeon Crawl Stone Soup version 0.30.2 (webtiles) character file.

Game seed: 15703221457518603350

1594 Ashen the Ogre Mage (level 8, -6/78 HPs)
             Began as an Ogre Fire Elementalist on Jan 26, 2024.
             Was an Initiate of Vehumet.
             Mangled by a hornet (10 damage)
             ... while paralysed by a hornet
             ... on level 7 of the Dungeon.
             The game lasted 00:17:39 (7228 turns).

Ashen the Ogre Mage (Ogre Fire Elementalist)        Turns: 7228, Time: 00:17:40

Health: -6/78      AC:  6    Str: 13    XL:     8   Next: 93%
Magic:  1/16       EV:  1    Int: 18    God:    Vehumet [......]
Gold:   23         SH:  0    Dex:  9    Spells: 8/18 levels left

rFire   + + .        G - +2 dire flail (protect)
rCold   . . .        (shield currently unavailable)
rNeg    + . .        H - +0 steam dragon scales
rPois   .            (helmet restricted)
rElec   .            f - scarf {rC+ rF+}
rCorr   .            (gloves unavailable)
SInv    .            (boots unavailable)
Will    .....        A - amulet of regeneration
Stlth   ++           i - ring of positive energy
HPRegen 1.13/turn    m - ring of fire
MPRegen 0.15/turn

%: no passive effects
@: paralysed, lethally poisoned (-6 -> -10), very slightly contaminated, slowed
A: large, unfitting armour, tough skin 1
a: Renounce Religion


You were on level 7 of the Dungeon.
You worshipped Vehumet.
Vehumet was noncommittal.
You visited 2 branches of the dungeon, and saw 8 of its levels.
You also visited: Sewer.

You collected 323 gold pieces.
You spent 300 gold pieces at shops.

Inventory:

Hand Weapons
 E - a +0 giant club
 G - a +2 dire flail of protection (weapon)
Armour
 f - a scarf of resistance (worn)
 H - +0 steam dragon scales (worn)
Jewellery
 i - a ring of positive energy (left hand)
 m - a ring of fire (right hand)
 A - an amulet of regeneration (around neck)
Wands
 d - a wand of polymorph (7)
 l - a wand of quicksilver (16)
 y - a wand of iceblast (12)
 C - a wand of mindburst (21)
Scrolls
 c - 5 scrolls of fear {unknown}
 g - 11 scrolls of identify {unknown}
 h - a scroll of vulnerability {unknown}
 j - a scroll of fog {unknown}
 p - 2 scrolls of enchant armour {unknown}
 r - 3 scrolls of immolation {unknown}
 t - 2 scrolls of poison {unknown}
 u - 2 scrolls of teleportation {unknown}
 v - a scroll of butterflies {unknown}
 D - a scroll of magic mapping {unknown}
 F - a scroll of silence {unknown}
Potions
 b - a potion of magic
 e - 4 potions of mutation
 k - a potion of cancellation {unknown}
 n - 2 potions of degeneration {unknown}
 o - 4 potions of brilliance {unknown}
 q - 7 potions of flight
 s - 2 potions of attraction {unknown}
 w - a potion of might {unknown}
 x - a potion of curing {unknown}
 z - a potion of resistance {unknown}
 B - a potion of lignification {unknown}


   Skills:
 + Level 4.2 Fighting
 + Level 2.9 Maces & Flails
 + Level 3.5 Dodging
 - Level 3.0 Stealth
 * Level 5.7 Spellcasting
 * Level 4.4 Conjurations
 * Level 5.2 Fire Magic


You had 8 spell levels left.
You knew the following spells:

 Your Spells              Type           Power      Damage    Failure   Level
a - Foxfire               Conj/Fire      100%       2x1d9     1%          1
b - Scorch                Fire           72%        2d8       2%          2
c - Volatile Blastmotes   Fire/Tloc      42%        2d13      13%         3
d - Flame Wave            Conj/Fire      33%        2d10      17%         4

Your spell library contained the following spells:

 Spells                   Type           Power      Damage    Failure   Level
 Shock                    Conj/Air       52%        1d6       4%          1
 Apportation              Tloc           10%        N/A       12%         1
 Necrotise                Necr           20%        1d5       12%         1
 Sandblast                Erth           10%        2d5       12%         1
 Summon Small Mammal      Summ           20%        N/A       12%         1
 Inner Flame              Hex/Fire       21%        N/A       13%         3
 Stone Arrow              Conj/Erth      26%        3d8       16%         3
 Passwall                 Tmut/Erth      4%         N/A       19%         2
 Swiftness                Air            5%         N/A       36%         3
 Airstrike                Air            2%         2d(1-17)  77%         4


Dungeon Overview and Level Annotations

Branches:
Dungeon (7/15)             Temple (1/1) D:6           Sewer (visited)

Altars:
Ashenzari
Cheibriados
Dithmenos
Fedhas
Gozag
Hepliaklqana
Kikubaaqudgha
Makhleb
Okawaru
Ru
Trog
Uskayaw
Vehumet
Xom
Zin
The Shining One

Shops:
D:3 =

Annotations:
D:7 Duvessa


Innate Abilities, Weirdness & Mutations

You are too large for most types of armour.
You have tough skin. (AC +1)


Message History

The hornet stings you!
You shrug off the repeated paralysis!
The hornet closely misses you.
A wave of flame ripples out!
The flame wave engulfs the hornet.
The hornet is heavily wounded.
The hornet stings you but does no damage.
A wave of flame ripples out!
The flame wave engulfs the hornet!
The hornet is severely wounded.
You finish channelling waves of flame.
The hornet barely misses you. The hornet stings you.
You are poisoned.
You feel yourself slow down.
You feel very sick. The hornet barely misses you. x2
Casting: Flame Wave (dangerous; 17% risk of failure)
Confirm with . or Enter, or press ? or * to list all spells.
Casting: Flame Wave (dangerous; 17% risk of failure)
Press: ? - help, Dir - look around, f - activate You feel a surge of power!
You miscast Flame Wave.
You are very lightly contaminated with residual magic.
Nothing appears to happen.
You feel yourself speed up.
You feel very sick. The hornet stings you!
You feel yourself slow down.
The hornet stings you but does no damage.
Casting: Flame Wave (dangerous; 17% risk of failure)
Confirm with . or Enter, or press ? or * to list all spells.
Casting: Flame Wave (dangerous; 17% risk of failure)
Press: ? - help, Dir - look around, f - activate You feel a surge of power!
You miscast Flame Wave.
Nothing appears to happen.
You feel sick. The hornet stings you!
You suddenly lose the ability to move!
The hornet stings you!
* * * LOW HITPOINT WARNING * * *
You are more poisoned.
You feel as though you will be slow longer.
You feel very sick. The hornet stings you!
* * * LOW HITPOINT WARNING * * *
You feel as though you will be slow longer.
The hornet stings you!
You die...

#.# #.# ## #.# #.#
##.# ..### ..#
.#.#.#.###.#
#########
...........#
#........
.#.#.#..##.#
#.####### #.@##.#
#.# # #.y##.# #[#
....##.# #.#
#######.####.#####.#
#...# ..
#........### ######
#.#.#..#
##.........#
.....###...##.
#########.#
#.##.......#.. #.#
#.######...# #.#


You could see a hornet.

Vanquished Creatures
  A steam dragon (D:7)
  2 water moccasins (D:7)
  A black bear (D:6)
  A sky beast (D:7)
  An ogre (D:6)
  Blork the orc (D:6)
  2 scorpions
  2 bullfrogs
  A howler monkey (D:5)
  3 hounds (D:5)
  An orc priest (D:7)
  A jelly (D:5)
  2 sleepcaps (D:6)
  5 iguanas
  15 adders
  4 gnolls (D:6)
  3 river rats (Sewer)
  A shadow imp (D:5)
  A white imp (D:7)
  An ufetubus (D:6)
  3 worms
  3 dart slugs
  8 orcs
  6 ball pythons
  3 endoplasms
  3 giant cockroaches
  4 goblins
  3 hobgoblins
  7 jackals
  5 quokkas
  8 bats
  3 frilled lizards
  6 kobolds
  2 rats
113 creatures vanquished.

Vanquished Creatures (others)
  356 foxfires
356 creatures vanquished.

Grand Total: 469 creatures vanquished

Notes
Turn   | Place    | Note
-------+----------+-------------------------------------------
     0 | D:1      | Ashen the Ogre Fire Elementalist began the quest for the
                  | Orb.
     0 | D:1      | Reached XP level 1. HP: 16/16 MP: 3/3
   138 | D:1      | Reached skill level 1 in Conjurations
   369 | D:1      | Reached XP level 2. HP: 26/26 MP: 3/5
  1124 | D:2      | Reached skill level 1 in Fighting
  1124 | D:2      | Reached XP level 3. HP: 32/33 MP: 2/7
  1660 | D:2      | Found a faded altar of an unknown god.
  2100 | D:3      | Found Ogroran's Jewellery Shoppe.
  2224 | D:3      | Reached XP level 4. HP: 37/41 MP: 5/8
  2409 | D:3      | You fall into a shaft and drop 1 floor!
  3242 | D:5      | Entered Level 5 of the Dungeon
  3242 | D:5      | Noticed a scorpion
  3250 | D:5      | Reached skill level 1 in Maces & Flails
  3250 | D:5      | Reached XP level 5. HP: 32/48 MP: 2/9
  3439 | D:5      | Found a glowing drain.
  3462 | D:5      | Learned a level 2 spell: Scorch
  3466 | D:5      | Learned a level 3 spell: Volatile Blastmotes
  3471 | D:5      | Learned a level 4 spell: Flame Wave
  3472 | Sewer    | Entered a sewer
  3479 | Sewer    | Reached XP level 6. HP: 57/57 MP: 6/11
  4445 | D:5      | Found an opulent altar of Gozag.
  4858 | D:5      | Reached XP level 7. HP: 66/66 MP: 10/13
  5334 | D:3      | Bought an amulet of regeneration for 300 gold pieces
  5467 | D:6      | Noticed Blork the orc
  5570 | D:6      | Killed Blork the orc
  5862 | D:6      | Reached XP level 8. HP: 66/75 MP: 3/15
  5971 | D:6      | Found a staircase to the Ecumenical Temple.
  5981 | Temple   | Entered the Ecumenical Temple
  6102 | Temple   | Became a worshipper of Vehumet
  6243 | D:6      | Reached skill level 5 in Spellcasting
  6887 | D:7      | Reached skill level 5 in Fire Magic
  6950 | D:7      | Found a sacrificial altar of Ru.
  6952 | D:7      | Noticed Duvessa
  7217 | D:7      | Noticed a hornet
  7220 | D:7      | Paralysed by a hornet for 2 turns
  7227 | D:7      | Paralysed by a hornet for 2 turns
  7228 | D:7      | Mangled by a hornet

Illustrated notes

Levels and vault maps discovered:
D:1:      wander_arrival_lonely_grave, layout_basic
D:2:      layout_loops_corners, hellmonk_ecumenical_altar_leap_of_faith
D:3:      layout_basic, serial_shops, nicolae_shop_rolling_square
D:4:      layout_basic
D:5:      layout_loops_ring, nicolae_gozag_cash_rules_everything_around_me,
          portal_sewer_entry_d
D:6:      layout_gridville, minmay_temple_entry_waves,
          kennysheep_generic_room_12, uniq_blork_the_orc
D:7:      layout_loops_ring, mainiacjoe_overflow_alcove_3,
          kennysheep_little_box, hangedman_abyss_or_decor_stabs, uniq_duvessa
Temple:   nicolae_temple_superstar

Skill      XL: |  1  2  3  4  5  6  7  8 |
---------------+-------------------------+-----
Conjurations   | 1 2 3 4 |  4.4
Fighting       | 1 2 3 4 |  4.2
Fire Magic     | 3 4 5 |  5.2
Dodging        | 2 3 |  3.5
Spellcasting   | 3 4 5 |  5.7
Maces & Flails | 1 2 |  2.9
Stealth        | 2 3 |  3.0

Action                     |  1- 3 |  4- 6 |  7- 9 || total
---------------------------+-------+-------+-------++-------
  Melee: Unarmed           |     2 |       |       ||     2
         Whip              |     8 |       |       ||     8
         Mace              |    25 |    35 |    17 ||    77
         Punch             |       |     1 |       ||     1
         Flail             |       |       |    15 ||    15
         Dire flail        |       |       |    48 ||    48
   Cast: Foxfire           |    46 |    89 |    75 ||   210
         Volatile Blastmot |       |     1 |     5 ||     6
         Scorch            |       |       |     1 ||     1
         Flame Wave        |       |       |     4 ||     4
  Evoke: Wand              |       |       |     4 ||     4
   Stab: Sleeping          |     3 |     1 |       ||     4
 Armour: Robe              |    16 |    22 |    22 ||    60
         Steam dragon scal |       |       |    23 ||    23
  Dodge: Dodged            |    32 |    50 |    56 ||   138
